| TOP OF THE 1ST |
|
Colorado Rockies batting - Pitching for Los Angeles Dodgers : RHP Jeremy Stock
|
|
Pitching: RHP Jeremy Stock
|
|
|
Batting: LHB Freddy Troncoso
|
0-0: SINGLE (Line Drive, 4MD, EV 96.2 MPH)
|
|
Batting: SHB Eddie Quinones
|
0-0: Ball 1-0: DOUBLE (Flyball, 8RXD, EV 103.1 MPH) Freddy Troncoso to third
|
|
Batting: SHB Jerry Luckwell
|
0-0: Swinging Strike 0-1: Ball 1-1: Ball 2-1: Fly out, F8 (Flyball, 8RD, EV 92.5 MPH)
|
|
Batting: LHB Shawn Morrison
|
0-0: Ball 1-0: Fly out, F9 (Line Drive, 9, EV 91.9 MPH) Runner from 3rd tags up, SCORES, throw by RF
|
|
Batting: LHB Bi-jun Chien
|
0-0: Ball 1-0: Ball Wild Pitch! Eddie Quinones to third 2-0: Ground out U3 (Groundball, 34S, EV 85.6 MPH)
|
| Top of the 1st over - 1 run, 2 hits, 0 errors, 1 left on base; Colorado 1 - Los Angeles 0 |
| BOTTOM OF THE 1ST |
|
Los Angeles Dodgers batting - Pitching for Colorado Rockies : LHP Mike Nimmo
|
|
Pitching: LHP Mike Nimmo
|
|
|
Batting: RHB Tim Nettles
|
0-0: Ball 1-0: Ball 2-0: Called Strike 2-1: Ball 3-1: Foul Ball, location: 2F 3-2: Base on Balls
|
|
Batting: RHB Tsutomu Irie
|
0-0: Ball 1-0: Ball 2-0: DOUBLE (Line Drive, 7LM, EV 109.4 MPH) Tim Nettles to third Runner from 3rd tries for Home, throw by LF and OUT! 7-6-2 Runner from 2nd tries for 3rd, throw by C and ERROR! Runner scores!
|
|
Batting: LHB Lirak Bazhunaishvili
|
0-0: Ball 1-0: Foul Ball, location: 2F 1-1: Ball 2-1: Foul Ball, location: 2F 2-2: SINGLE (Groundball, 34D, EV 102.5 MPH)
|
|
Batting: RHB Clay Buchanan
|
0-0: Ball 1-0: Swinging Strike 1-1: Ball Lirak Bazhunaishvili steals 2nd base 2-1: Ball 3-1: Base on Balls
|
|
Batting: RHB John Piccolo
|
0-0: Ball 1-0: Ball 2-0: Fly out, F8 (Flyball, 8RD, EV 93.1 MPH) Runner from 2nd tags up, SAFE at 3rd with throw by CF
|
|
Batting: RHB Leonardo Nava
|
0-0: Called Strike 0-1: Called Strike 0-2: Foul Ball, location: 2F 0-2: Ground out 5-3 (Groundball, 56S, EV 85.0 MPH)
|
| Bottom of the 1st over - 1 run, 2 hits, 0 errors, 2 left on base; Colorado 1 - Los Angeles 1 |
| TOP OF THE 2ND |
|
Colorado Rockies batting - Pitching for Los Angeles Dodgers : RHP Jeremy Stock
|
|
Batting: SHB Jon Munoz
|
0-0: Fly out, F9 (Flyball, 9LD, EV 104.4 MPH)
|
|
Batting: LHB Greg Valenzuela
|
0-0: Ball 1-0: Ball 2-0: SINGLE (Flyball, 34D, EV 83.8 MPH)
|
|
Batting: SHB Andy Vivas
|
0-0: Called Strike Greg Valenzuela is caught stealing 2nd base 2-6 0-1: Foul Ball, location: 2F 0-2: Foul Ball, location: 2F 0-2: Ground out 6-3 (Groundball, 6, EV 91.9 MPH)
|
| Top of the 2nd over - 0 runs, 1 hit, 0 errors, 0 left on base; Colorado 1 - Los Angeles 1 |
| BOTTOM OF THE 2ND |
|
Los Angeles Dodgers batting - Pitching for Colorado Rockies : LHP Mike Nimmo
|
|
Batting: RHB Wing-kit Bu
|
0-0: Fly out, F8 (Flyball, 8RD, EV 79.4 MPH)
|
|
Batting: SHB Benjamin Brown
|
0-0: Ball 1-0: Ball 2-0: Ball 3-0: Base on Balls
|
|
Batting: RHB Rodolfo Rivera
|
0-0: Ball 1-0: Ball 2-0: Ball 3-0: Called Strike 3-1: Base on Balls Benjamin Brown to second
|
|
Batting: RHB Tim Nettles
|
0-0: Called Strike Benjamin Brown steals 3rd base (no throw) 0-1: Ball 1-1: Called Strike 1-2: Ball 2-2: Grounds into double play, 6-4-3 (Groundball, 6, EV 102.5 MPH)
|
| Bottom of the 2nd over - 0 runs, 0 hits, 0 errors, 1 left on base; Colorado 1 - Los Angeles 1 |
| TOP OF THE 3RD |
|
Colorado Rockies batting - Pitching for Los Angeles Dodgers : RHP Jeremy Stock
|
|
Batting: RHB Eduardo Camacho
|
0-0: Ball 1-0: Ball 2-0: Ball 3-0: Called Strike 3-1: Base on Balls
|
|
Batting: LHB Freddy Troncoso
|
0-0: Called Strike 0-1: Ball 1-1: Foul Ball, location: 2F 1-2: Ball 2-2: Ball 3-2: Strikes out looking
|
|
Batting: SHB Eddie Quinones
|
0-0: Called Strike 0-1: TRIPLE (Line Drive, 89XD, EV 105.0 MPH) Eduardo Camacho scores
|
|
Batting: SHB Jerry Luckwell
|
0-0: Foul Ball, location: 2F 0-1: Called Strike 0-2: Ball 1-2: Ball 2-2: Strikes out looking
|
|
Batting: LHB Shawn Morrison
|
0-0: Called Strike 0-1: Ball 1-1: Swinging Strike 1-2: 2-RUN HOME RUN (Flyball, 9D, EV 98.8 MPH), Distance : 380 ft
|
|
Batting: LHB Bi-jun Chien
|
0-0: SINGLE (Groundball, 3D, EV 111.2 MPH)
|
|
Batting: SHB Jon Munoz
|
0-0: Ball 1-0: Called Strike Bi-jun Chien is caught stealing 2nd base 2-6
|
| Top of the 3rd over - 3 runs, 3 hits, 0 errors, 0 left on base; Colorado 4 - Los Angeles 1 |
| BOTTOM OF THE 3RD |
|
Los Angeles Dodgers batting - Pitching for Colorado Rockies : LHP Mike Nimmo
|
|
Batting: RHB Tsutomu Irie
|
0-0: Called Strike 0-1: Ball 1-1: Ground out 5-3 (Groundball, 56S, EV 90.6 MPH)
|
|
Batting: LHB Lirak Bazhunaishvili
|
0-0: Foul Ball, location: 2F 0-1: Foul Ball, location: 2F 0-2: Foul Ball, location: 2F 0-2: Ball 1-2: Ball 2-2: Ground out 5-3 (Groundball, 5, EV 88.1 MPH)
|
|
Batting: RHB Clay Buchanan
|
0-0: Ball 1-0: Ball 2-0: Ball 3-0: Base on Balls
|
|
Batting: RHB John Piccolo
|
0-0: Called Strike Clay Buchanan steals 2nd, throwing error, E2 Clay Buchanan to third 0-1: Ball 1-1: Called Strike 1-2: Ground out 5-3 (Groundball, 56S, EV 83.1 MPH)
|
| Bottom of the 3rd over - 0 runs, 0 hits, 1 error, 1 left on base; Colorado 4 - Los Angeles 1 |
| TOP OF THE 4TH |
|
Colorado Rockies batting - Pitching for Los Angeles Dodgers : RHP Jeremy Stock
|
|
Batting: SHB Jon Munoz
|
0-0: Called Strike 0-1: Ball 1-1: Ball 2-1: Foul Ball, location: 2F 2-2: Ball 3-2: Base on Balls
|
|
Batting: LHB Greg Valenzuela
|
0-0: Ball 1-0: Ball 2-0: Called Strike 2-1: Ball Wild Pitch! Jon Munoz to second 3-1: Foul Ball, location: 2F 3-2: Foul Ball, location: 2F 3-2: Base on Balls
|
|
Batting: SHB Andy Vivas
|
0-0: Foul Ball, location: 2F 0-1: Ball 1-1: Swinging Strike 1-2: Ball 2-2: Ball 3-2: Fly out, F8 (Flyball, 8RD, EV 84.4 MPH) Throwing error, E8 Jon Munoz scores Greg Valenzuela to second
|
|
Batting: RHB Eduardo Camacho
|
0-0: Ball 1-0: Ball 2-0: Ball 3-0: Called Strike 3-1: Foul Ball, location: 2F 3-2: Base on Balls
|
|
Pitching: RHP Santiago Montero
|
|
|
Batting: LHB Freddy Troncoso
|
0-0: Called Strike 0-1: Called Strike 0-2: Ball 1-2: Ball 2-2: Ball 3-2: Base on Balls Greg Valenzuela to third Eduardo Camacho to second
|
|
Batting: SHB Eddie Quinones
|
0-0: Ball 1-0: Foul Ball, location: 2F 1-1: Foul Ball, location: 2F 1-2: Strikes out swinging
|
|
Batting: SHB Jerry Luckwell
|
0-0: Ball 1-0: Ball 2-0: Ball 3-0: Base on Balls Greg Valenzuela scores Eduardo Camacho to third Freddy Troncoso to second
|
|
Batting: LHB Shawn Morrison
|
0-0: Ball Wild Pitch! Eduardo Camacho scores Freddy Troncoso to third Jerry Luckwell to second 1-0: Foul Ball, location: 2F 1-1: Foul Ball, location: 2F 1-2: Strikes out swinging
|
| Top of the 4th over - 3 runs, 0 hits, 1 error, 2 left on base; Colorado 7 - Los Angeles 1 |
| BOTTOM OF THE 4TH |
|
Los Angeles Dodgers batting - Pitching for Colorado Rockies : LHP Mike Nimmo
|
|
Batting: RHB Leonardo Nava
|
0-0: Ball 1-0: Ball 2-0: Called Strike 2-1: Foul Ball, location: 2F 2-2: Fly out, F2 (Popup, 2RF, EV 91.9 MPH)
|
|
Batting: RHB Wing-kit Bu
|
0-0: Ground out 5-3 (Groundball, 56S, EV 80.6 MPH)
|
|
Batting: SHB Benjamin Brown
|
0-0: Ball 1-0: Ground out 4-3 (Groundball, 4, EV 94.4 MPH)
|
| Bottom of the 4th over - 0 runs, 0 hits, 0 errors, 0 left on base; Colorado 7 - Los Angeles 1 |
| TOP OF THE 5TH |
|
Colorado Rockies batting - Pitching for Los Angeles Dodgers : RHP Santiago Montero
|
|
Batting: LHB Bi-jun Chien
|
0-0: Ball 1-0: Foul Ball, location: 2F 1-1: Ball 2-1: Ball 3-1: Base on Balls
|
|
Batting: SHB Jon Munoz
|
0-0: Ball 1-0: Swinging Strike 1-1: Ball 2-1: Ball 3-1: Swinging Strike 3-2: Foul Ball, location: 2F 3-2: SINGLE (Groundball, 34D, EV 98.8 MPH) Bi-jun Chien to second Runner from 2nd tries for 3rd, OUT! 9-5
|
|
Batting: LHB Greg Valenzuela
|
0-0: Fly out, F7 (Line Drive, 78M, EV 93.8 MPH)
|
|
Batting: SHB Andy Vivas
|
0-0: Ball 1-0: Swinging Strike 1-1: Foul Ball, location: 2F 1-2: Foul Ball, location: 2F 1-2: Strikes out looking
|
| Top of the 5th over - 0 runs, 1 hit, 0 errors, 1 left on base; Colorado 7 - Los Angeles 1 |
| BOTTOM OF THE 5TH |
|
Los Angeles Dodgers batting - Pitching for Colorado Rockies : LHP Mike Nimmo
|
|
Batting: RHB Rodolfo Rivera
|
0-0: Fly out, F7 (Line Drive, 7S, EV 100.6 MPH)
|
|
Batting: RHB Tim Nettles
|
0-0: Foul Ball, location: 2F 0-1: DOUBLE (Groundball, 3L, EV 97.5 MPH)
|
|
Batting: RHB Tsutomu Irie
|
0-0: Ball 1-0: Ball 2-0: Ball 3-0: Called Strike 3-1: Foul Ball, location: 2F 3-2: Foul Ball, location: 2F 3-2: Foul Ball, location: 2F 3-2: Base on Balls
|
|
Batting: LHB Lirak Bazhunaishvili
|
0-0: DOUBLE (Flyball, 8LXD, EV 92.5 MPH) Tim Nettles scores Tsutomu Irie to third Runner from 3rd tries for Home, SAFE, throw by CF to home
|
|
Batting: RHB Clay Buchanan
|
0-0: Fly out, F8 (Flyball, 8RD, EV 93.8 MPH)
|
|
Batting: RHB John Piccolo
|
0-0: Fly out, F8 (Flyball, 8RD, EV 101.9 MPH)
|
| Bottom of the 5th over - 2 runs, 2 hits, 0 errors, 1 left on base; Colorado 7 - Los Angeles 3 |
| TOP OF THE 6TH |
|
Colorado Rockies batting - Pitching for Los Angeles Dodgers : RHP Santiago Montero
|
|
Batting: RHB Eduardo Camacho
|
0-0: Called Strike 0-1: Ball 1-1: Ball 2-1: Foul Ball, location: 2F 2-2: Ball 3-2: Base on Balls
|
|
Pitching: RHP Craig Fallon
|
|
|
Batting: LHB Freddy Troncoso
|
0-0: Ball 1-0: Ball 2-0: Called Strike Eduardo Camacho steals 2nd base 2-1: Ground out 3-1 (Groundball, 34S, EV 90.0 MPH) Eduardo Camacho to third
|
|
Batting: SHB Eddie Quinones
|
0-0: Ball 1-0: Ball 2-0: Ball 3-0: Called Strike 3-1: Base on Balls
|
|
Batting: SHB Jerry Luckwell
|
0-0: Called Strike 0-1: Ball 1-1: Ball 2-1: Ball 3-1: Foul Ball, location: 2F 3-2: Base on Balls Eddie Quinones to second
|
|
Batting: LHB Shawn Morrison
|
0-0: Called Strike 0-1: Foul Ball, location: 2F 0-2: Ball 1-2: Grounds into double play, 6-4-3 (Groundball, 6M, EV 82.5 MPH)
|
| Top of the 6th over - 0 runs, 0 hits, 0 errors, 2 left on base; Colorado 7 - Los Angeles 3 |
| BOTTOM OF THE 6TH |
|
Los Angeles Dodgers batting - Pitching for Colorado Rockies : LHP Mike Nimmo
|
|
Batting: RHB Leonardo Nava
|
0-0: Ball 1-0: Called Strike 1-1: SOLO HOME RUN (Flyball, 89XD, EV 100.6 MPH), Distance : 398 ft
|
|
Batting: RHB Wing-kit Bu
|
0-0: Called Strike 0-1: Ground out 4-3 (Groundball, 4, EV 83.8 MPH)
|
|
Batting: SHB Benjamin Brown
|
0-0: Ball 1-0: Fly out, F3 (Popup, 3F, EV 78.8 MPH)
|
|
Batting: RHB Rodolfo Rivera
|
0-0: DOUBLE (Groundball, 5L, EV 98.8 MPH)
|
|
Batting: RHB Tim Nettles
|
0-0: Foul Ball, location: 2F 0-1: Ball 1-1: Foul Ball, location: 2F 1-2: Strikes out swinging
|
| Bottom of the 6th over - 1 run, 2 hits, 0 errors, 1 left on base; Colorado 7 - Los Angeles 4 |
| TOP OF THE 7TH |
|
Colorado Rockies batting - Pitching for Los Angeles Dodgers : RHP Craig Fallon
|
|
Pitching: RHP Nate Allen
|
|
|
Batting: LHB Bi-jun Chien
|
0-0: Called Strike 0-1: Ball 1-1: Hit by Pitch
|
|
Batting: SHB Jon Munoz
|
0-0: Ball 1-0: Swinging Strike 1-1: Foul Ball, location: 2F 1-2: Strikes out swinging
|
|
Batting: LHB Greg Valenzuela
|
0-0: SINGLE (Flyball, 6D, EV 86.9 MPH) Bi-jun Chien to second
|
|
Batting: SHB Andy Vivas
|
0-0: Ball 1-0: Called Strike 1-1: Hit by Pitch Bi-jun Chien to third Greg Valenzuela to second
|
|
Batting: RHB Eduardo Camacho
|
0-0: Called Strike 0-1: Called Strike 0-2: Foul Ball, location: 2F 0-2: Strikes out swinging
|
|
Batting: LHB Freddy Troncoso
|
0-0: Foul Ball, location: 2F 0-1: Fly out, F8 (Flyball, 8LM, EV 95.6 MPH)
|
| Top of the 7th over - 0 runs, 1 hit, 0 errors, 3 left on base; Colorado 7 - Los Angeles 4 |
| BOTTOM OF THE 7TH |
|
Los Angeles Dodgers batting - Pitching for Colorado Rockies : LHP Mike Nimmo
|
|
Batting: RHB Tsutomu Irie
|
0-0: Foul Ball, location: 2F 0-1: Swinging Strike 0-2: Ball 1-2: Ball 2-2: Foul Ball, location: 2F 2-2: Ball 3-2: Fly out, F8 (Flyball, 78D, EV 78.8 MPH)
|
|
Batting: LHB Lirak Bazhunaishvili
|
0-0: Called Strike 0-1: Called Strike 0-2: Ball 1-2: Foul Ball, location: 2F 1-2: Ball 2-2: Foul Ball, location: 2F 2-2: Ball 3-2: Foul Ball, location: 2F 3-2: Ground out 6-3 (Groundball, 6S, EV 85.0 MPH)
|
|
Batting: RHB Clay Buchanan
|
0-0: Called Strike 0-1: Ball 1-1: Ball 2-1: Swinging Strike 2-2: Ground out 6-3 (Groundball, 6MD, EV 80.6 MPH)
|
| Bottom of the 7th over - 0 runs, 0 hits, 0 errors, 0 left on base; Colorado 7 - Los Angeles 4 |
| TOP OF THE 8TH |
|
Colorado Rockies batting - Pitching for Los Angeles Dodgers : RHP Nate Allen
|
|
Pitching: RHP Geoff Mooney
|
|
|
Batting: SHB Eddie Quinones
|
0-0: Called Strike 0-1: Swinging Strike 0-2: Ball 1-2: Ball 2-2: Fly out, F8 (Flyball, 8LS, EV 89.4 MPH)
|
|
Batting: SHB Jerry Luckwell
|
0-0: Foul Ball, location: 2F 0-1: SINGLE (Flyball, 34D, EV 82.5 MPH)
|
|
Batting: LHB Shawn Morrison
|
0-0: Ball 1-0: Swinging Strike 1-1: Ball 2-1: Fielders Choice at 2nd, 3-6 (Groundball, 3, EV 83.1 MPH)
|
|
Batting: LHB Bi-jun Chien
|
0-0: Ball 1-0: Foul Ball, location: 2F 1-1: Foul Ball, location: 2F 1-2: Ball 2-2: Strikes out looking
|
| Top of the 8th over - 0 runs, 1 hit, 0 errors, 1 left on base; Colorado 7 - Los Angeles 4 |
| BOTTOM OF THE 8TH |
|
Los Angeles Dodgers batting - Pitching for Colorado Rockies : LHP Mike Nimmo
|
|
Pitching: RHP Tony Campos
|
|
|
Batting: RHB John Piccolo
|
0-0: Called Strike 0-1: Ball 1-1: Ball 2-1: Fly out, F8 (Flyball, 8LD, EV 96.2 MPH)
|
|
Batting: SHB Joel Baker
|
0-0: Called Strike 0-1: Foul Ball, location: 2F 0-2: SOLO HOME RUN (Flyball, 9LD, EV 95.6 MPH), Distance : 356 ft
|
|
Batting: RHB Wing-kit Bu
|
0-0: Fly out, F8 (Flyball, 8RD, EV 99.4 MPH)
|
|
Batting: SHB Benjamin Brown
|
0-0: DOUBLE (Line Drive, 89D, EV 102.5 MPH)
|
|
Batting: RHB Rodolfo Rivera
|
0-0: Ball 1-0: Foul Ball, location: 2F 1-1: Swinging Strike 1-2: Strikes out swinging
|
| Bottom of the 8th over - 1 run, 2 hits, 0 errors, 1 left on base; Colorado 7 - Los Angeles 5 |
| TOP OF THE 9TH |
|
Colorado Rockies batting - Pitching for Los Angeles Dodgers : RHP Geoff Mooney
|
|
Batting: SHB Jon Munoz
|
0-0: Swinging Strike 0-1: Foul Ball, location: 2F 0-2: Foul Ball, location: 2F 0-2: Fly out, F6 (Popup, 6MS, EV 86.2 MPH)
|
|
Batting: LHB Greg Valenzuela
|
0-0: Called Strike 0-1: Foul Ball, location: 2F 0-2: Hit by Pitch
|
|
Batting: SHB Andy Vivas
|
0-0: Ball 1-0: Ball 2-0: Called Strike 2-1: Ball 3-1: Base on Balls Greg Valenzuela to second
|
|
Batting: RHB Eduardo Camacho
|
0-0: Ball 1-0: Ball 2-0: Foul Ball, location: 2F 2-1: Foul Ball, location: 2F 2-2: Foul Ball, location: 2F 2-2: Foul Ball, location: 2F 2-2: Strikes out swinging
|
|
Pitching: RHP Adam Bucci
|
|
|
Batting: LHB Freddy Troncoso
|
0-0: Ball 1-0: Ball 2-0: Ground out 4-3 (Groundball, 4, EV 103.8 MPH)
|
| Top of the 9th over - 0 runs, 0 hits, 0 errors, 2 left on base; Colorado 7 - Los Angeles 5 |
| BOTTOM OF THE 9TH |
|
Los Angeles Dodgers batting - Pitching for Colorado Rockies : RHP Tony Campos
|
|
Pitching: LHP Randy Rowland
|
|
|
Batting: RHB Tim Nettles
|
0-0: Called Strike 0-1: Ball 1-1: Ball 2-1: Swinging Strike 2-2: Ball 3-2: Strikes out swinging
|
|
Batting: RHB Tsutomu Irie
|
0-0: Ball 1-0: Called Strike 1-1: DOUBLE (Line Drive, 89D, EV 108.1 MPH)
|
|
Batting: LHB Lirak Bazhunaishvili
|
0-0: Ball 1-0: Called Strike 1-1: 2-RUN HOME RUN (Flyball, 7D, EV 98.1 MPH), Distance : 367 ft
|
|
Batting: RHB Clay Buchanan
|
0-0: Foul Ball, location: 2F 0-1: Foul Ball, location: 2F 0-2: Strikes out swinging
|
|
Batting: RHB John Piccolo
|
0-0: Foul Ball, location: 2F 0-1: Called Strike 0-2: Ball 1-2: Ball 2-2: Foul Ball, location: 2F 2-2: Strikes out swinging
|
| Bottom of the 9th over - 2 runs, 2 hits, 0 errors, 0 left on base; Colorado 7 - Los Angeles 7 |
| TOP OF THE 10TH |
|
Colorado Rockies batting - Pitching for Los Angeles Dodgers : RHP Adam Bucci
|
|
Batting: SHB Eddie Quinones
|
0-0: Foul Ball, location: 2F 0-1: Ball 1-1: Ball 2-1: Ground out 5-3 (Groundball, 56, EV 76.2 MPH)
|
|
Batting: SHB Jerry Luckwell
|
0-0: Called Strike 0-1: Foul Ball, location: 2F 0-2: Strikes out swinging
|
|
Batting: LHB Shawn Morrison
|
0-0: Called Strike 0-1: Swinging Strike 0-2: Strikes out swinging
|
| Top of the 10th over - 0 runs, 0 hits, 0 errors, 0 left on base; Colorado 7 - Los Angeles 7 |
| BOTTOM OF THE 10TH |
|
Los Angeles Dodgers batting - Pitching for Colorado Rockies : LHP Randy Rowland
|
|
Batting: SHB Joel Baker
|
0-0: Ball 1-0: Foul Ball, location: 2F 1-1: Called Strike 1-2: SINGLE (Groundball, 56D, EV 104.4 MPH)
|
|
Pitching: RHP Jaden Mackey
|
|
|
Pinch Hitting: SHB Shane Marcum
|
0-0: Called Strike 0-1: Ball 1-1: Foul Ball, location: 2F 1-2: Fly out, F7 (Flyball, 7, EV 82.5 MPH)
|
|
Batting: SHB Benjamin Brown
|
0-0: Foul Ball, location: 2F 0-1: Swinging Strike 0-2: Strikes out looking
|
|
Batting: RHB Rodolfo Rivera
|
0-0: Called Strike 0-1: Ball 1-1: Ball 2-1: Ball 3-1: Base on Balls Joel Baker to second
|
|
Batting: RHB Tim Nettles
|
0-0: SINGLE (Groundball, P, EV 85.0 MPH) (infield hit) Joel Baker to third Rodolfo Rivera to second
|
|
Batting: RHB Tsutomu Irie
|
0-0: Foul Ball, location: 2F 0-1: Ball 1-1: Called Strike 1-2: Foul Ball, location: 2F 1-2: Strikes out swinging
|
| Bottom of the 10th over - 0 runs, 2 hits, 0 errors, 3 left on base; Colorado 7 - Los Angeles 7 |
| TOP OF THE 11TH |
|
Colorado Rockies batting - Pitching for Los Angeles Dodgers : RHP Adam Bucci
|
|
Now in LF: Danny Dyer
|
|
|
Batting: LHB Bi-jun Chien
|
0-0: Called Strike 0-1: Foul Ball, location: 2F 0-2: Strikes out swinging
|
|
Batting: SHB Jon Munoz
|
0-0: Ball 1-0: Ball 2-0: Called Strike 2-1: Ball 3-1: Called Strike 3-2: Strikes out swinging
|
|
Pitching: LHP Gavin White
|
|
|
Batting: LHB Greg Valenzuela
|
0-0: Called Strike 0-1: Called Strike 0-2: Ball 1-2: Ball 2-2: Ball 3-2: Base on Balls
|
|
Batting: SHB Andy Vivas
|
0-0: Called Strike 0-1: Foul Ball, location: 2F 0-2: Strikes out swinging
|
| Top of the 11th over - 0 runs, 0 hits, 0 errors, 1 left on base; Colorado 7 - Los Angeles 7 |
| BOTTOM OF THE 11TH |
|
Los Angeles Dodgers batting - Pitching for Colorado Rockies : RHP Jaden Mackey
|
|
Batting: LHB Lirak Bazhunaishvili
|
0-0: Called Strike 0-1: Ball 1-1: Ball 2-1: Swinging Strike 2-2: SINGLE (Groundball, 34D, EV 81.9 MPH) (infield hit)
|
|
Batting: RHB Clay Buchanan
|
0-0: SINGLE (Groundball, 6MD, EV 103.1 MPH) Lirak Bazhunaishvili to second
|
|
Batting: RHB John Piccolo
|
0-0: Swinging Strike 0-1: Ball 1-1: Foul Ball, location: 2F 1-2: Ball 2-2: Foul Ball, location: 2F 2-2: Ball 3-2: Strikes out looking
|
|
Batting: SHB Joel Baker
|
0-0: Swinging Strike 0-1: Ball 1-1: Foul Ball, location: 2F 1-2: Foul Ball, location: 2F 1-2: Ball 2-2: Ball 3-2: Grounds into double play, 6-4-3 (Groundball, 6, EV 110.0 MPH)
|
| Bottom of the 11th over - 0 runs, 2 hits, 0 errors, 1 left on base; Colorado 7 - Los Angeles 7 |
| TOP OF THE 12TH |
|
Colorado Rockies batting - Pitching for Los Angeles Dodgers : LHP Gavin White
|
|
Batting: RHB Eduardo Camacho
|
0-0: Ball 1-0: SINGLE (Groundball, 4MD, EV 106.2 MPH)
|
|
Batting: LHB Freddy Troncoso
|
0-0: Sac Bunt to 5S - play at first, batter OUT! 5-3 Eduardo Camacho to second
|
|
Batting: SHB Eddie Quinones
|
0-0: Ball 1-0: Foul Ball, location: 2F 1-1: Ball 2-1: Fly out, F6 (Line Drive, 6, EV 71.2 MPH)
|
|
Batting: SHB Jerry Luckwell
|
0-0: Intentional Walk
|
|
Batting: LHB Shawn Morrison
|
0-0: Foul Ball, location: 2F 0-1: Called Strike 0-2: Ball 1-2: Ground out U3 (Groundball, 3, EV 88.1 MPH)
|
| Top of the 12th over - 0 runs, 1 hit, 0 errors, 2 left on base; Colorado 7 - Los Angeles 7 |
| BOTTOM OF THE 12TH |
|
Los Angeles Dodgers batting - Pitching for Colorado Rockies : RHP Jaden Mackey
|
|
Pitching: RHP Tye Dickinson
|
|
|
Batting: RHB Danny Dyer
|
0-0: Hit by Pitch
|
|
Batting: SHB Benjamin Brown
|
0-0: Sac Bunt to 15S - play at first, batter OUT! 1-3 Danny Dyer to second
|
|
Batting: RHB Rodolfo Rivera
|
0-0: Swinging Strike 0-1: Ball 1-1: Ball 2-1: Ball 3-1: Swinging Strike 3-2: Base on Balls
|
|
Batting: RHB Tim Nettles
|
0-0: Called Strike 0-1: Ball 1-1: Fly out, F9 (Line Drive, 89M, EV 91.2 MPH)
|
|
Batting: RHB Tsutomu Irie
|
0-0: Called Strike 0-1: Foul Ball, location: 2F 0-2: Ball 1-2: Strikes out swinging
|
| Bottom of the 12th over - 0 runs, 0 hits, 0 errors, 2 left on base; Colorado 7 - Los Angeles 7 |
| TOP OF THE 13TH |
|
Colorado Rockies batting - Pitching for Los Angeles Dodgers : LHP Gavin White
|
|
Pitching: RHP Chris Geraci
|
|
|
Batting: LHB Bi-jun Chien
|
0-0: Ball 1-0: Foul Ball, location: 2F 1-1: Ball 2-1: Called Strike 2-2: DOUBLE (Flyball, 8LXD, EV 105.6 MPH)
|
|
Batting: SHB Jon Munoz
|
0-0: Ball 1-0: 2-RUN HOME RUN (Flyball, 78XD, EV 108.8 MPH), Distance : 400 ft
|
|
Batting: LHB Greg Valenzuela
|
0-0: Foul Ball, location: 2F 0-1: Foul Ball, location: 2F 0-2: Foul Ball, location: 2F 0-2: Ball 1-2: SOLO HOME RUN (Line Drive, 89XD, EV 101.2 MPH), Distance : 412 ft
|
|
Pitching: RHP Jon Harris
|
|
|
Batting: SHB Andy Vivas
|
0-0: Ball 1-0: Foul Ball, location: 2F 1-1: Ball 2-1: Foul Ball, location: 2F 2-2: Strikes out swinging
|
|
Batting: RHB Eduardo Camacho
|
0-0: Swinging Strike 0-1: Fly out, F8 (Flyball, 8RM, EV 78.1 MPH)
|
|
Batting: LHB Freddy Troncoso
|
0-0: Ball 1-0: Ground out 6-3 (Groundball, 6, EV 100.6 MPH)
|
| Top of the 13th over - 3 runs, 3 hits, 0 errors, 0 left on base; Colorado 10 - Los Angeles 7 |
| BOTTOM OF THE 13TH |
|
Los Angeles Dodgers batting - Pitching for Colorado Rockies : RHP Tye Dickinson
|
|
Batting: LHB Lirak Bazhunaishvili
|
0-0: Foul Ball, location: 2F 0-1: Ball 1-1: Ball 2-1: Ball 3-1: Base on Balls
|
|
Batting: RHB Clay Buchanan
|
0-0: Ball 1-0: Foul Ball, location: 2F 1-1: Swinging Strike 1-2: Ball 2-2: Foul Ball, location: 2F 2-2: Ball 3-2: Foul Ball, location: 2F 3-2: Base on Balls Lirak Bazhunaishvili to second
|
|
Batting: RHB John Piccolo
|
0-0: Called Strike 0-1: Ball 1-1: Swinging Strike 1-2: Ball 2-2: Ball 3-2: Ground out 3-1 (Groundball, 34S, EV 72.5 MPH) Lirak Bazhunaishvili to third Clay Buchanan to second
|
|
Pitching: RHP Jim Butler
|
|
|
Batting: SHB Joel Baker
|
0-0: Called Strike 0-1: Foul Ball, location: 2F 0-2: Ball 1-2: Fly out, F8 (Line Drive, 8RS, EV 103.1 MPH)
|
|
Batting: RHB Danny Dyer
|
0-0: Called Strike 0-1: Foul Ball, location: 2F 0-2: SINGLE (Line Drive, 78S, EV 92.5 MPH) Lirak Bazhunaishvili scores Clay Buchanan to third
|
|
Batting: SHB Benjamin Brown
|
0-0: Called Strike 0-1: Ball 1-1: Ball 2-1: Ball 3-1: Base on Balls Danny Dyer to second
|
|
Batting: RHB Rodolfo Rivera
|
0-0: Ball 1-0: Foul Ball, location: 2F 1-1: Fielders Choice at 2nd, 6-4 (Groundball, 56, EV 84.4 MPH)
|
| Bottom of the 13th over - 1 run, 1 hit, 0 errors, 3 left on base; Colorado 10 - Los Angeles 8 |
|